 Dungeon Crawl Stone Soup version 0.30-a0-269-gf0224bf7b6 (webtiles) character file.

Game seed: 14473246430398486305

16167 tbh1313 the Brawler (level 12, -2/106 (113) HPs)
             Began as a Troll Fighter on Oct 14, 2022.
             Was a High Priest of Okawaru.
             Slain by Jorgrun
             ... wielding a +0 vorpal quarterstaff
              (6 damage)
             ... while petrified by Jorgrun
             ... on level 12 of the Dungeon.
             The game lasted 00:25:28 (9568 turns).

tbh1313 the Brawler (Troll Fighter)                 Turns: 9568, Time: 00:25:28

HP:   -2/106 (113)  AC: 10    Str: 29    XL:     12   Next: 7%
MP:   14/14         EV: -2    Int: 11    God:    Okawaru [*****.]
Gold: 415           SH:  0    Dex: 15    Spells: 11/11 levels left

rFire   + . .      SeeInvis .      - Unarmed
rCold   . . .      Faith    .    (no shield)
rNeg    + + +      Spirit   .    u - +0 steam dragon scales
rPois   ∞          Reflect  .    (helmet restricted)
rElec   .          Harm     .    k - +2 cloak "Yschoorr" {Str+2 Int+3}
rCorr   .          Rampage  .    (gloves unavailable)
Will    .....                    (boots unavailable)
Stlth   +.........               (no amulet)
HPRegen 1.17/turn                y - ring of protection from fire
MPRegen 0.14/turn                t - +6 ring of dexterity

@: petrified, grasped by roots, constricted, drained
A: large, unfitting armour, claws 3, regeneration 1, shaggy fur 1, tough skin 1
a: Renounce Religion, Heroism, Finesse, Duel


You were on level 12 of the Dungeon.
You worshipped Okawaru.
Okawaru was extremely pleased with you.
You visited 2 branches of the dungeon, and saw 13 of its levels.
You also visited: Sewer and Ossuary.

You collected 675 gold pieces.
You spent 260 gold pieces at shops.

Inventory:

Missiles
 r - 6 silver javelins (quivered)
Armour
 a - a scarf of resistance
 b - a +0 kite shield
 k - the +2 cloak "Yschoorr" (worn) {Str+2 Int+3}
   (You acquired it on level 9 of the Dungeon)

   Str:       It affects your strength (+2).
   Int:       It affects your intelligence (+3).
 u - +0 steam dragon scales (worn)
Jewellery
 o - a ring of fire
 t - a +6 ring of dexterity (right claw)
 y - a ring of protection from fire (left claw)
Wands
 c - a wand of digging (10)
 j - a wand of mindburst (12)
 l - a wand of paralysis (6)
 m - a wand of flame (78)
 B - a wand of roots (9)
Scrolls
 f - 4 scrolls of teleportation
 h - 5 scrolls of poison
 p - a scroll of amnesia
 q - 4 scrolls of fear
 s - a scroll of enchant armour
 x - a scroll of silence
 E - a scroll of blinking
 H - a scroll of fog
 I - a scroll of magic mapping
Potions
 d - a potion of ambrosia
 e - 2 potions of lignification
 g - 6 potions of curing
 i - a potion of cancellation
 n - 6 potions of mutation
 v - 3 potions of flight
 w - 3 potions of heal wounds
 z - a potion of berserk rage
 A - 2 potions of magic
 C - a potion of attraction {unknown}
 D - a potion of degeneration
 F - a potion of haste
 G - a potion of resistance


   Skills:
 + Level 5.9 Fighting
 + Level 5.9 Dodging
 + Level 3.2 Shields
 * Level 16.4 Unarmed Combat
 - Level 5.0 Invocations


You had 11 spell levels left.
You didn't know any spells.
Your spell library contained the following spells:

 Spells                   Type           Power      Damage    Failure   Level
 Beastly Appendage        Tmut           0%         N/A       34%         1
 Freeze                   Ice            0%         1d3       34%         1
 Magic Dart               Conj           0%         1d3       34%         1
 Sting                    Tmut/Pois      0%         1d3       34%         1
 Poisonous Vapours        Pois/Air       0%         N/A       47%         2
 Searing Ray              Conj           0%         2d4       47%         2
 Sublimation of Blood     Necr           0%         N/A       47%         2
 Wereblood                Tmut           0%         N/A       47%         2
 Frozen Ramparts          Ice            0%         1d1       71%         3
 Hailstorm                Conj/Ice       0%         3d3       71%         3
 Spider Form              Tmut/Pois      0%         N/A       71%         3
 Fulminant Prism          Conj/Hex       0%         3d6       98%         4
 Olgreb's Toxic Radiance  Pois           0%         N/A       98%         4
 Passage of Golubria      Tloc           0%         N/A       98%         4
 Petrify                  Tmut/Erth      0%         N/A       98%         4
 Irradiate                Conj/Tmut      0%         3d11      100%        5
 Iskenderun's Battlesphe  Conj           0%         2d6       100%        5
 Silence                  Hex/Air        0%         N/A       100%        5
 Iron Shot                Conj/Erth      0%         9d1       100%        6
 Lehudib's Crystal Spear  Conj/Erth      0%         10d2      100%        8
 Spellforged Servitor     Conj/Summ      Unusable   N/A       N/A         7

Dungeon Overview and Level Annotations

Branches:
Dungeon (12/15)            Temple (1/1) D:6            Lair (0/5) D:10
    Orc (0/2) D:11          Sewer (visited)         Ossuary (visited)

Altars:
Cheibriados
Dithmenos
Elyvilon
Kikubaaqudgha
Makhleb
Nemelex Xobeh
Okawaru
Sif Muna
Trog
Uskayaw
Vehumet
Wu Jian
Zin

Shops:
D:1 =   D:7 :   D:9 !   D:10 *

Annotations:
D:12 Jorgrun


Innate Abilities, Weirdness & Mutations

You are too large for most types of armour.
You have claws for hands.
Your natural rate of healing is unusually fast.
You are covered in fur. (AC +1)
You have tough skin. (AC +1)


Message History

The soul eater hits you but does no damage.
The kobold demonologist hits you with a +0 dagger.
The grasping roots constrict you.
The vampire mosquito bites you but does no damage. x2
The soul eater hits you.
The kobold demonologist hits you but does no damage.
Jorgrun hits you with a +0 vorpal quarterstaff!
The grasping roots constrict you!
The vampire mosquito bites you but does no damage.
The vampire mosquito bites you. The soul eater hits you!
The kobold demonologist hits you with a +0 dagger.
Jorgrun says, "Yer just na down-ta-earth enough."
Jorgrun hits you with a +0 vorpal quarterstaff!!
The grasping roots constrict you.
* * * LOW HITPOINT WARNING * * *
The vampire mosquito bites you.
* * * LOW HITPOINT WARNING * * *
The soul eater hits you.
* * * LOW HITPOINT WARNING * * *
The kobold demonologist hits you but does no damage.
The vampire mosquito bites you but does no damage.
Jorgrun hits you with a +0 vorpal quarterstaff.
The grasping roots constrict you!
* * * LOW HITPOINT WARNING * * *
The vampire mosquito bites you but does no damage.
The soul eater hits you.
* * * LOW HITPOINT WARNING * * *
The kobold demonologist hits you with a +0 dagger.
* * * LOW HITPOINT WARNING * * *
Jorgrun hits you with a +0 vorpal quarterstaff!
* * * LOW HITPOINT WARNING * * *
x2 The grasping roots constrict you!
* * * LOW HITPOINT WARNING * * *
The vampire mosquito bites you.
* * * LOW HITPOINT WARNING * * *
The vampire mosquito bites you but does no damage.
The soul eater hits you but does no damage.
The kobold demonologist gestures wildly while chanting.
Jorgrun hits you with a +0 vorpal quarterstaff!
You die...

....... [. .
##.....# ....
..#......# #....
.........##.....
..............(.
...........4....
<.......W......<
.......y3K......
....##.g@....$..
... #.......(..
. #.........!
..#........!
#..#.........
#............
#(..........#
..........#


You could see Jorgrun, a soul eater (summoned), a kobold demonologist, a red
devil (summoned), a vampire mosquito and a shadow.

Levels and vault maps discovered:
D:1:      dpeg_arrival_rooms_with_view, layout_basic, serial_forest,
          infiniplex_forest_straight_2, infiniplex_forest_zigzag_1,
          infiniplex_forest_3_way, infiniplex_forest_lined_4_way,
          infiniplex_forest_end_1, infiniplex_forest_fountain,
          infiniplex_forest_straight_2, infiniplex_forest_clump_diagonal,
          basic_ecumenical_altar, serial_shops, nicolae_shop_behind_doors,
          chequers_decorated_corner, hangedman_decor_riveting
D:2:      layout_loops_cross, basic_altar
D:3:      minmay_door_path, layout_rooms, portal_sewer_entry_b,
          serial_bayou_pond_d, nicolae_concentric_dashed_squares_wild
D:4:      layout_basic, elyvilon_altar_5, mainiacjoe_overflow_alcove_2,
          uniq_pargi, uniq_sigmund, uniq_natasha, uniq_pikel
D:5:      layout_layer_cave, nemelex_dance_club_becter, slow_altar_2,
          uniq_duvessa
D:6:      layout_basic, mainiacjoe_overflow_brackets,
          lemuel_mausoleum_altar_kikubaaqudgha, grunt_dithmenos_smoke,
          minmay_temple_entry_gardened_gates, minmay_gold_behind_fungi,
          minmay_misc_feat_alley, uniq_crazy_yiuf_cottage
D:7:      layout_rooms, mainiacjoe_overflow_tiny_flanked,
          grunt_decor_one_mirror, nicolae_shop_vocational
D:8:      layout_loops_ring, makhleb_blood_cavern_becter,
          chequers_ossuary_entry_cave, nicolae_looking_at_the_future, uniq_grum
D:9:      layout_rooms, vehumet_altar_wand_db, old_standard_altar, serial_shops,
          kennysheep_mini, st_stairs_13
D:10:     layout_rooms, dancing_weapons_uskayaw, hellmonk_lair_entry_icy,
          nicolae_shop_overcharged_wands
D:11:     layout_loops_ring, kennysheep_orc_monster_closet_entryway,
          abandoned_shop, uniq_nergalle
D:12:     layout_cave_pools, minmay_misc_feat_chi, uniq_jorgrun
Temple:   hellmonk_temple_beads

Notes
Turn   | Place    | Note
-------+----------+-------------------------------------------
     0 | D:1      | tbh1313 the Troll Fighter began the quest for the Orb.
     0 | D:1      | Reached XP level 1. HP: 22/22 MP: 0/0
   118 | D:1      | Reached XP level 2. HP: 28/29 MP: 1/1
   156 | D:1      | Found a faded altar of an unknown god.
   195 | D:1      | Reached skill level 3 in Unarmed Combat
   642 | D:1      | Reached XP level 3. HP: 36/36 MP: 2/2
   689 | D:1      | Found Qoasyd's Jewellery Boutique.
   763 | D:2      | Found a glowing silver altar of Zin.
   947 | D:2      | Reached skill level 4 in Unarmed Combat
  1823 | D:3      | Found a glowing drain.
  1831 | D:3      | Reached XP level 4. HP: 42/44 MP: 3/3
  1843 | Sewer    | Entered a sewer
  1871 | Sewer    | Noticed Pargi
  1885 | Sewer    | Killed Pargi
  1886 | Sewer    | Reached skill level 5 in Unarmed Combat
  1886 | Sewer    | Reached XP level 5. HP: 50/50 MP: 4/4
  2147 | D:4      | Noticed a lemure
  2151 | D:4      | Reached skill level 6 in Unarmed Combat
  2152 | D:4      | Found a white marble altar of Elyvilon.
  2152 | D:4      | Noticed Pikel
  2153 | D:4      | Noticed a lemure
  2157 | D:4      | Killed a lemure
  2157 | D:4      | Noticed a lemure
  2160 | D:4      | Noticed a lemure
  2169 | D:4      | Killed Pikel
  2170 | D:4      | Reached skill level 8 in Unarmed Combat
  2170 | D:4      | Reached XP level 6. HP: 16/59 MP: 5/5
  2170 | D:4      | Reached XP level 7. HP: 18/66 MP: 6/6
  2219 | D:4      | Noticed Natasha
  2227 | D:4      | Killed Natasha
  2339 | D:4      | Reached skill level 9 in Unarmed Combat
  2518 | D:4      | Found a shimmering blue altar of Sif Muna.
  2568 | D:4      | Noticed Natasha
  2577 | D:4      | Killed Natasha
  2578 | D:4      | Reached XP level 8. HP: 74/74 MP: 7/7
  2583 | D:4      | Noticed Natasha
  2591 | D:4      | Killed Natasha
  2618 | D:4      | Noticed Sigmund
  2626 | D:4      | Killed Sigmund
  2627 | D:4      | Reached skill level 10 in Unarmed Combat
  2828 | D:5      | Entered Level 5 of the Dungeon
  3079 | D:5      | Found a sparkling altar of Nemelex Xobeh.
  3142 | D:5      | Found a snail-covered altar of Cheibriados.
  3185 | D:5      | Reached skill level 11 in Unarmed Combat
  3578 | D:5      | Noticed Dowan
  3581 | D:5      | Noticed Duvessa
  3584 | D:5      | Killed Dowan
  3590 | D:5      | HP: 7/74 [Duvessa/+0 short sword of venom (13)]
  3596 | D:5      | Killed Duvessa
  4155 | D:6      | Found a shadowy altar of Dithmenos.
  4365 | D:6      | Found a runed translucent door.
  4366 | D:6      | Noticed Crazy Yiuf
  4372 | D:6      | Killed Crazy Yiuf
  4476 | D:6      | Reached XP level 9. HP: 63/80 MP: 8/8
  4517 | D:6      | Found an ornate altar of the Wu Jian Council.
  4608 | D:6      | Reached skill level 12 in Unarmed Combat
  4708 | D:6      | Found a staircase to the Ecumenical Temple.
  4714 | Temple   | Entered the Ecumenical Temple
  4727 | Temple   | Became a worshipper of Warmaster Okawaru
  4985 | D:6      | Found an ancient bone altar of Kikubaaqudgha.
  4989 | D:6      | Reached * piety under Okawaru
  5175 | D:7      | Found Omap's Vocational Training.
  5237 | D:7      | Reached skill level 13 in Unarmed Combat
  5251 | D:7      | Found a glowing silver altar of Zin.
  5571 | D:7      | Identified the +5 mace "Upnyssyl" {vorpal, rElec rF+ MP+9}
  5698 | D:8      | Reached ** piety under Okawaru
  5699 | D:8      | Reached skill level 14 in Unarmed Combat
  5737 | D:8      | Noticed a troll
  5780 | D:8      | Killed a troll
  5781 | D:8      | Reached XP level 10. HP: 51/89 MP: 9/9
  5884 | D:8      | Noticed Grum
  5905 | D:8      | Killed Grum
  5906 | D:8      | Reached skill level 1 in Invocations
  5907 | D:8      | HP: 13/133 [wolf[Grum] (8)]
  5912 | D:8      | HP: 11/133 [wolf[Grum] (6)]
  5917 | D:8      | HP: 7/91 [wolf[Grum] (5)]
  5918 | D:8      | HP: 3/91 [wolf[Grum] (6)]
  5919 | D:8      | HP: 1/91 [wolf[Grum] (3)]
  5925 | D:8      | HP: 6/91 [wolf[Grum] (4)]
  6097 | D:8      | Found a sand-covered staircase.
  6105 | Ossuary  | Entered an ossuary
  6213 | Ossuary  | Reached *** piety under Okawaru
  6599 | D:8      | Found a burning altar of Makhleb.
  7165 | D:9      | Found a bloodstained altar of Trog.
  7205 | D:9      | Noticed a two-headed ogre
  7212 | D:9      | Killed a two-headed ogre
  7212 | D:9      | Reached **** piety under Okawaru
  7213 | D:9      | Reached skill level 15 in Unarmed Combat
  7245 | D:9      | Found a radiant altar of Vehumet.
  7344 | D:9      | Identified a scroll of acquirement
  7344 | D:9      | Acquired the +2 cloak "Yschoorr" {Str+2 Int+3}
  7502 | D:9      | Found Iliuny's Distillery.
  7505 | D:9      | Bought a potion of haste for 130 gold pieces
  7505 | D:9      | Bought a potion of resistance for 130 gold pieces
  7611 | D:10     | Entered Level 10 of the Dungeon
  7680 | D:10     | Noticed a gargoyle
  7734 | D:10     | Killed a gargoyle
  7735 | D:10     | Reached XP level 11. HP: 101/101 MP: 9/12
  7833 | D:10     | Found a staircase to the Lair.
  7874 | D:10     | Found Ojamal's Overcharged Wands.
  7975 | D:10     | Noticed an entropy weaver
  7983 | D:10     | Killed an entropy weaver
  7983 | D:10     | Reached ***** piety under Okawaru
  8030 | D:10     | Noticed a +0 hand axe
  8032 | D:10     | Noticed a +0 hand axe
  8033 | D:10     | Found a hide-covered altar of Uskayaw.
  8338 | D:11     | Noticed a two-headed ogre
  8343 | D:11     | Killed a two-headed ogre
  8385 | D:11     | Identified the +3 glaive "Losmioz" {freeze, rC+++ Dex+8
                  | Stlth-} (Okawaru gifted it to you on level 11 of the
                  | Dungeon)
  8385 | D:11     | Received a gift from Okawaru
  8386 | D:11     | Reached skill level 5 in Dodging
  8390 | D:11     | Reached skill level 5 in Fighting
  8533 | D:11     | Noticed Nergalle
  8536 | D:11     | Noticed a spectral orc warlord
  8542 | D:11     | Killed Nergalle
  8584 | D:11     | Noticed a two-headed ogre
  8596 | D:11     | Killed a two-headed ogre
  8614 | D:11     | Reached skill level 16 in Unarmed Combat
  8891 | D:11     | Reached skill level 5 in Invocations
  8935 | D:11     | Received a gift from Okawaru
  8990 | D:11     | Found a staircase to the Orcish Mines.
  9292 | D:11     | Noticed a two-headed ogre
  9294 | D:11     | Killed a two-headed ogre
  9295 | D:11     | Reached XP level 12. HP: 113/113 MP: 14/14
  9556 | D:12     | Noticed Jorgrun
  9567 | D:12     | HP: 10/106 [Jorgrun/+0 vorpal quarterstaff (6)]
  9568 | D:12     | HP: 4/106 [vampire mosquito (2)]
  9568 | D:12     | Slain by Jorgrun

Table legend: (Time is in decaauts)
 A = Elapsed time spent in this place.
 B = Non-inter-level travel time spent in this place.
 C = Inter-level travel time spent in this place.
 D = Time resting spent in this place.
 E = Time spent auto-exploring this place.
 F = Levels seen in this place.
 G = Mean time per level.
                   A        B        C        D        E       F      G
               +--------+--------+--------+--------+--------+-----+--------+
         Total |   9429 |   8937 |    492 |    721 |   6383 |  15 |  628.6 |
       Dungeon |   9050 |   8579 |    471 |    721 |   6220 |  12 |  754.2 |
        Temple |     26 |      6 |     20 |      0 |      4 |   1 |   26.0 |
         Sewer |    148 |    148 |      0 |      0 |     48 |   1 |  148.0 |
       Ossuary |    203 |    203 |      0 |      0 |    110 |   1 |  203.0 |
               +--------+--------+--------+--------+--------+-----+--------+

Top non-repeatable levels by time:
    D:11: 1187 daAuts
     D:5: 1165 daAuts
     D:8: 1120 daAuts
     D:6: 1119 daAuts
     D:3: 716 daAuts
     D:1: 716 daAuts
     D:4: 693 daAuts
    D:10: 682 daAuts
     D:2: 562 daAuts
     D:7: 560 daAuts
     D:9: 514 daAuts
 Ossuary: 203 daAuts
   Sewer: 148 daAuts
  Temple: 26 daAuts
    D:12: 12 daAuts

Table legend:
 A = Kills in this place as a percentage of kills in entire the game.
 B = Kills by you in this place as a percentage of kills by you in the entire game.
 C = Kills by friends in this place as a percentage of kills by friends in the entire game.
 D = Other kills in this place as a percentage of other kills in the entire game.
 E = Experience gained in this place as a percentage of experience gained in the entire game.
 F = Experience gained in this place divided by the number of levels of this place that you have seen.
                   A       B       C       D       E      F
               +-------+-------+-------+-------+-------+----------------------
         Total | 100.0 | 100.0 |   N/A |   N/A | 100.0 | 1539.7
       Dungeon |  90.0 |  90.0 |   N/A |   N/A |  98.3 | 1891.1
         Sewer |   2.3 |   2.3 |   N/A |   N/A |   0.7 | 151.0
       Ossuary |   7.7 |   7.7 |   N/A |   N/A |   1.1 | 252.0
               +-------+-------+-------+-------+-------+----------------------

Action                   |  1- 3 |  4- 6 |  7- 9 | 10-12 || total
-------------------------+-------+-------+-------+-------++-------
Melee: Unarmed           |   115 |    62 |   298 |   425 ||   900
       Punch             |     2 |     1 |    20 |    36 ||    59
Throw: Throwing net      |       |     1 |       |       ||     1
Invok: Heroism           |       |       |       |     4 ||     4
  Use: Scroll            |     2 |     4 |    10 |    15 ||    31
       Potion            |       |     2 |     3 |     9 ||    14
 Stab: Sleeping          |       |       |     3 |     2 ||     5
       Distracted        |       |       |     1 |       ||     1
       Invisible         |       |       |       |     1 ||     1
Armor: Robe              |    43 |    20 |    65 |    67 ||   195
       Steam dragon scal |       |       |       |   119 ||   119
Dodge: Dodged            |    52 |    32 |   140 |   212 ||   436
Block: Kite shield       |     3 |       |       |       ||     3

Vanquished Creatures
  An entropy weaver (shapeshifter) (D:10)
  4 two-headed ogres
  Nergalle (D:11)
  Pikel (D:4)
  A gargoyle (D:10)
  A rime drake (D:10)
  An unseen horror (D:11)
  A queen bee (D:8)
  3 trolls
  Sigmund (D:4)
  3 shadows (D:11)
  8 yaks (D:11)
  2 wraiths
  Grum (D:8)
  2 steam dragons (D:9)
  3 vampire mosquitoes (D:10)
  2 acid dragons (D:11)
  A water moccasin (D:7)
  Duvessa (D:5)
  Pargi (Sewer)
  A sky beast (D:7)
  5 ogres
  6 orc warriors
  2 black bears
  5 ice beasts (D:10)
  8 centaurs
  5 wolves
  A lemure (D:4)
  4 bullfrogs
  3 necrophages
  3 gnoll sergeants (D:11)
  10 kobold brigands
  2 scorpions
  A water moccasin zombie (D:6)
  18 wights
  Dowan (D:5)
  9 killer bees
  5 howler monkeys
  A jelly (D:6)
  A human zombie (D:6)
  2 bullfrog zombies (D:6)
  2 hounds (D:5)
  10 orc priests
  Crazy Yiuf (D:6)
  4 iguanas
  An iron imp (D:5)
  Natasha (thrice) (D:4)
  14 orc wizards
  A hound skeleton (D:8)
  4 mummies
  8 adders
  A river rat (D:3)
  12 gnolls
  A shadow imp (D:5)
  2 white imps
  A worm (D:4)
  2 dart slugs (D:1)
  40 orcs
  10 ball pythons
  3 bats
  4 endoplasms
  4 giant cockroaches
  3 goblins
  8 hobgoblins
  10 jackals
  31 kobolds
  2 quokkas
  7 frilled lizards
  5 gnoll skeletons (Ossuary)
  10 kobold skeletons (Ossuary)
  10 orc skeletons (Ossuary)
  5 rats
351 creatures vanquished.

Vanquished Creatures (others)
  An orc wizard (D:10)
  20 plants
  5 toadstools (D:6)
26 creatures vanquished.

Grand Total: 377 creatures vanquished
